 Dungeon Crawl Stone Soup version 0.23-a0-241-g3b46b07 (webtiles) character file.

101698 Ijustatesigmund the Cleaver (level 16, -2/116 HPs)
             Began as an Octopode Fighter on Sept 26, 2018.
             Was a High Priest of Okawaru.
             Incinerated by Azrael (3 damage)
             ... with a sticky flame
             ... on level 14 of the Dungeon on Sept 27, 2018.
             The game lasted 01:14:33 (25839 turns).

Ijustatesigmund the Cleaver (Octopode Fighter)     Turns: 25839, Time: 01:14:34

Health: -2/116     AC:  8    Str: 24    XL:     16   Next: 31%
Magic:  24/25      EV: 21    Int: 13    God:    Okawaru [*****.]
Gold:   2001       SH: 17    Dex: 15    Spells: 8/15 levels left

rFire    . . .     SeeInvis .   a - +7 war axe (elec)
rCold    + . .     Gourm    .   b - +5 shield {AC+3}
rNeg     + . .     Faith    .   v - +2 hat {MR+}
rPois    .         Spirit   .   Z - amulet "Zydghy" {+Rage rC+ Str+4}
rElec    .         Reflect  .   G - ring of positive energy
rCorr    .         Harm     .   M - +3 ring of evasion
MR       ++...                  R - +4 ring of strength
Stlth    +++.......             U - ring of flight
HPRegen  0.29/turn              (no ring)
MPRegen  0.19/turn              (no ring)
                                (no ring)
                                (no ring)

@: liquid flames, very slightly contaminated, hasted, glowing, very quick
A: almost no armour, stealthy swim, amphibious, 8 rings, constrict 8, yellow
scales 1, camouflage 1, gelatinous body 1, MP-powered wands
a: Heroism, Finesse, Renounce Religion, Evoke Berserk Rage, Evoke Flight


You were on level 14 of the Dungeon.
You worshipped Okawaru.
Okawaru was extremely pleased with you.
You were not hungry.

You visited 5 branches of the dungeon, and saw 24 of its levels.

You collected 2717 gold pieces.
You spent 716 gold pieces at shops.

Inventory:

Hand Weapons
 a - a +7 war axe of electrocution (weapon)
 F - a +1 broad axe of venom
 Q - the +7 flail of Disintegration {freeze, rElec MR- Str+6}
   (You found it on level 2 of the Lair of Beasts)

   It has been specially enchanted to freeze those struck by it, causing extra
   injury to most foes and up to half again as much damage against particularly
   susceptible opponents.
   It can also slow down cold-blooded creatures.
   It affects your strength (+6).
   It insulates you from electricity.
   It affects your resistance to hostile enchantments.
Missiles
 y - 24 tomahawks (quivered)
 C - 2 throwing nets
 E - 2 exploding tomahawks
 V - 5 poisoned javelins
Armour
 b - a +5 shield of protection (worn)
 m - a +0 large shield of positive energy
 o - a +0 hat of see invisible
 v - a +2 hat of magic resistance (worn)
 X - a +1 shield of reflection
Jewellery
 e - an uncursed ring of ice
 u - an uncursed ring of fire
 G - a ring of positive energy (left tentacle)
 M - a +3 ring of evasion (right tentacle)
 N - an uncursed ring of fire
 R - a +4 ring of strength (on tentacle)
 U - a ring of flight (on tentacle)
 Z - the amulet "Zydghy" (around mantle) {+Rage rC+ Str+4}
   (You found it on level 6 of the Lair of Beasts)

   [amulet of rage]

   It affects your strength (+4).
   It protects you from cold.
   It lets you go berserk.
Wands
 n - a wand of iceblast (10)
 D - a wand of acid (10)
 O - a wand of polymorph (14)
 T - a wand of paralysis (21)
Scrolls
 f - 7 scrolls of teleportation
 h - 10 scrolls of remove curse
 k - 4 scrolls of fear
 l - 2 scrolls of magic mapping
 t - 2 scrolls of amnesia
 x - a scroll of blinking
 A - 2 scrolls of fog
 B - a scroll of immolation
 J - 11 scrolls of identify
Potions
 c - 3 potions of might
 g - 2 potions of magic
 i - a potion of resistance
 j - a potion of agility
 p - 5 potions of flight
 q - 8 potions of curing
 r - a potion of lignification
 s - a potion of heal wounds
 z - 2 potions of cancellation
 H - 3 potions of brilliance
 K - a potion of invisibility
 P - a potion of berserk rage
 S - 3 potions of ambrosia
 W - 2 potions of mutation
Comestibles
 d - 22 rations


   Skills:
 - Level 12.8 Fighting
 - Level 13.9 Axes
 - Level 2.6 Throwing
 - Level 8.6 Dodging
 - Level 11.8 Stealth
 - Level 9.4 Shields
 + Level 1.9 Translocations
 - Level 4.3 Transmutations
 - Level 4.3 Fire Magic
 - Level 4.1 Poison Magic
 - Level 13.1 Invocations
 - Level 8.7 Evocations


You had 8 spell levels left.
You knew the following spells:

 Your Spells              Type           Power        Failure   Level  Hunger
a - Apportation           Tloc           #.....       28%         1    ##.....
b - Magic Dart            Conj           #...         54%         1    ##.....
c - Ignite Poison         Fire/Tmut/Pois ##......     32%         3    ####...
d - Blink                 Tloc           N/A          41%         2    ###....

Your spell library contained the following spells:

 Spells                   Type           Power        Failure   Level  Hunger
 Animate Skeleton         Necr           N/A          54%         1    ##.....
 Confusing Touch          Hex            #.....       54%         1    ##.....
 Corona                   Hex            #......      54%         1    ##.....
 Infusion                 Chrm           #...         54%         1    ##.....
 Summon Small Mammal      Summ           #...         54%         1    ##.....
 Shroud of Golubria       Chrm/Tloc      #.........   54%         2    ###....
 Conjure Flame            Conj/Fire      #.......     61%         3    ####...
 Inner Flame              Hex/Fire       #.......     61%         3    ####...
 Call Imp                 Summ           #.......     67%         2    ###....
 Corpse Rot               Necr           N/A          67%         2    ###....
 Ensorcelled Hibernation  Hex/Ice        #.....       67%         2    ###....
 Searing Ray              Conj           #.....       67%         2    ###....
 Slow                     Hex            #.......     67%         2    ###....
 Song of Slaying          Chrm           #.......     67%         2    ###....
 Sublimation of Blood     Necr           #.........   67%         2    ###....
 Mephitic Cloud           Conj/Pois/Air  #.......     73%         3    ####...
 Portal Projectile        Hex/Tloc       #.....       78%         3    ####...
 Confuse                  Hex            #.......     88%         3    ####...
 Dazzling Spray           Conj/Hex       #.....       88%         3    ####...
 Regeneration             Chrm/Necr      #.........   88%         3    ####...
 Spectral Weapon          Hex/Chrm       #.......     88%         3    ####...
 Tukima's Dance           Hex            #.......     88%         3    ####...
 Petrify                  Tmut/Erth      #.......     95%         4    #####..
 Alistair's Intoxication  Tmut/Pois      ##......     97%         5    ######.
 Cause Fear               Hex            #.........   99%         4    #####..
 Force Lance              Conj/Tloc      #.......     99%         4    #####..
 Fulminant Prism          Conj/Hex       #.........   99%         4    #####..
 Iskenderun's Mystic Bla  Conj           #.......     99%         4    #####..
 Leda's Liquefaction      Hex/Erth       #.........   99%         4    #####..
 Agony                    Necr           #.......     100%        5    ######.
 Bolt of Draining         Conj/Necr      #.........   100%        5    ######.
 Borgnjor's Vile Clutch   Necr/Erth      #.........   100%        5    ######.
 Dispel Undead            Necr           #.......     100%        5    ######.
 Excruciating Wounds      Chrm/Necr      #.........   100%        5    ######.
 Irradiate                Conj/Tmut      #.........   100%        5    ######.
 Silence                  Hex/Air        #.........   100%        5    ######.
 Bolt of Cold             Conj/Ice       #.........   100%        6    #######
 Darkness                 Hex            #.........   100%        6    #######
 Deflect Missiles         Chrm/Air       #.........   100%        6    #######
 Freezing Cloud           Conj/Ice/Air   #.........   100%        6    #######
 Ozocubu's Refrigeration  Ice            #.........   100%        6    #######
 Shadow Creatures         Summ           N/A          100%        6    #######
 Statue Form              Tmut/Erth      #........    100%        6    #######


Dungeon Overview and Level Annotations

Branches:
Dungeon (14/15)            Temple (1/1) D:5            Lair (6/6) D:10
 Shoals (0/4) Lair:2        Snake (0/4) Lair:4        Slime (0/5) Lair:6
    Orc (2/2) D:11            Elf (1/3) Orc:2        Vaults (0/5) D:14

Altars:
Ashenzari
Cheibriados
Dithmenos
Elyvilon
Fedhas
Gozag
Hepliaklqana
Kikubaaqudgha
Makhleb
Nemelex Xobeh
Okawaru
Qazlal
Ru
Sif Muna
Trog
Uskayaw
Vehumet
Wu Jian
Xom
Yredelemnul
Zin
The Shining One

Shops:
D:6 ?**(*   D:9 :   D:14 *[[   Orc:2 [*[(

Annotations:
D:4 3 runed doors, TheNamelessOne's ghost, amateur SpWn
D:9 Snorg
D:14 Azrael; Rupert


Innate Abilities, Weirdness & Mutations

You cannot wear most types of armour.
You are very stealthy in the water. (Stealth+)
You are amphibious.
You can wear up to eight rings at the same time.
You can use your tentacles to constrict eight enemies at once.
Your skin changes colour to match your surroundings (Stealth+).
Your rubbery body absorbs attacks. (AC +1, EV +1)
You are partially covered in yellow scales. (AC +2)
You expend magic power (3 MP) to strengthen your wands.


Message History

* * * LOW HITPOINT WARNING * * *
The green ugly thing gurgles horribly!
A green ugly thing comes into view.
Blink to where?
Press: ? - help, Dir - move target cursor You are very lightly contaminated with residual magic.
As you read the scroll of blinking, it crumbles to dust.
You are covered in liquid flames!
* * * LOW HITPOINT WARNING * * *
The green ugly thing moves out of view.
Blink to where?
Press: ? - help, Dir - move target cursor
As you read the scroll of blinking, it crumbles to dust.
You are covered in liquid flames!
* * * LOW HITPOINT WARNING * * *
You feel yourself speed up.
You are covered in liquid flames!
* * * LOW HITPOINT WARNING * * *
You are covered in liquid flames!
You die...

...# #..# #...#...#.#...h. ...#
#..#######.......)...(...
...######.............††.§.§§....
............................§....
............................Eh...
...###............######.........
...# #...........................
...###)..........................
................@................
#################################


There were no monsters in sight!

Vanquished Creatures
  Gastronok (Lair:1)
  Agnes (D:14)
  A deep elf sorcerer (Elf:1)
  A stone giant (Orc:1)
  A deep elf annihilator (Elf:1)
  Josephine (Orc:1)
  A deep elf high priest (Elf:1)
  Harold (D:9)
  5 ogre magi
  An ice dragon (D:14)
  2 centaur warriors (D:13)
  7 hydras
  11 two-headed ogres
  3 catoblepae
  A queen ant (Lair:2)
  7 death yaks
  3 dancing weapons
  3 slime creatures (D:13)
  Nergalle (Orc:1)
  4 deep elf knights
  17 deep elf magi (Elf:1)
  A wolf spider (D:14)
  An orc sorcerer (Orc:1)
  2 manticores (D:14)
  5 ugly things (D:14)
  A cyclops (Orc:2)
  A guardian serpent (Lair:4)
  A black mamba (Lair:1)
  2 torpor snails (Lair:6)
  A gargoyle (D:11)
  4 kobold demonologists
  27 spiny frogs
  6 komodo dragons
  4 rime drakes
  A yaktaur (D:14)
  2 trolls (Orc:2)
  3 polar bears
  5 tyrant leeches (Lair:6)
  31 blink frogs
  2 hornets
  6 hippogriffs
  4 wraiths (Orc:1)
  An air elemental (Elf:1)
  4 wyverns
  46 yaks
  2 shadows
  A human (D:9)
  4 hogs (D:9)
  4 basilisks
  3 fire elementals
  6 vampire mosquitoes
  2 hungry ghosts
  17 soldier ants
  2 wargs (Orc:1)
  An acid dragon (D:14)
  11 water moccasins
  10 porcupines
  14 orc warriors
  3 ice beasts
  7 sky beasts
  6 black bears
  32 ogres
  2 necrophages
  3 phantoms
  An eye of draining (D:13)
  6 wolves (Lair:2)
  8 centaurs
  9 crocodiles
  5 big kobolds (D:11)
  25 bullfrogs
  A wyvern zombie (D:10)
  4 gnoll sergeants
  4 scorpions
  7 electric eels
  5 howler monkeys
  3 crimson imps
  4 centaur zombies
  8 hounds
  9 jellies
  7 orc wizards
  A quasit (D:9)
  Crazy Yiuf (D:4)
  7 orc priests
  6 centaur skeletons
  Jessica (D:3)
  4 bullfrog skeletons
  2 iguanas
  38 worker ants
  A hound zombie (D:10)
  A hound skeleton (D:7)
  7 adders
  21 gnolls
  A howler monkey skeleton (D:8)
  3 shadow imps
  6 oozes
  2 adder skeletons
  3 worms (D:2)
  A dart slug (D:4)
  5 leopard geckos
  63 orcs
  10 bats
  6 giant cockroaches
  10 goblins
  11 hobgoblins
  15 jackals
  6 quokkas
  14 frilled lizards
  20 kobolds
  10 rats
  3 fungi
  4 plants
753 creatures vanquished.

Vanquished Creatures (collateral kills)
  A hydra (Lair:1)
1 creature vanquished.

Vanquished Creatures (others)
  Fannar (Orc:1)
  11 fungi
  54 plants
66 creatures vanquished.

Grand Total: 820 creatures vanquished

Notes
Turn   | Place    | Note
-------+----------+-------------------------------------------
     0 | D:1      | Ijustatesigmund the Octopode Fighter began the quest for
                  | the Orb.
     0 | D:1      | Reached XP level 1. HP: 16/16 MP: 1/1
   195 | D:1      | Reached XP level 2. HP: 21/21 MP: 2/2
   712 | D:2      | Reached XP level 3. HP: 24/26 MP: 3/3
  1054 | D:2      | Reached XP level 4. HP: 31/31 MP: 4/4
  1841 | D:3      | Reached XP level 5. HP: 36/36 MP: 5/5
  1924 | D:3      | Reached skill level 5 in Axes
  2040 | D:3      | Noticed Jessica
  2047 | D:3      | Killed Jessica
  2624 | D:4      | Reached XP level 6. HP: 41/42 MP: 6/6
  2662 | D:4      | Learned a level 1 spell: Apportation
  2978 | D:4      | Reached XP level 7. HP: 47/47 MP: 7/7
  3220 | D:4      | Found a runed gate.
  3221 | D:4      | Found a runed gate.
  3221 | D:4      | Found a runed gate.
  3228 | D:4      | Noticed TheNamelessOne's ghost (amateur SpWn)
  3320 | D:4      | Found a runed door.
  3324 | D:4      | Noticed Crazy Yiuf
  3330 | D:4      | Killed Crazy Yiuf
  3579 | D:5      | Entered Level 5 of the Dungeon
  3854 | D:5      | Found a sparkling altar of Nemelex Xobeh.
  3980 | D:5      | Found a staircase to the Ecumenical Temple.
  3988 | Temple   | Entered the Ecumenical Temple
  4369 | D:5      | Found a bloodstained altar of Trog.
  4574 | D:6      | Found Qegrad's General Store.
  4579 | D:6      | Reached XP level 8. HP: 51/54 MP: 8/8
  4584 | D:6      | Found Zovirpha's Assorted Antiques.
  4585 | D:6      | Bought a scroll of enchant weapon for 90 gold pieces
  4600 | D:6      | Bought a metallic green potion for 26 gold pieces
  4600 | D:6      | Bought 2 silvery potions for 52 gold pieces
  4642 | D:6      | Found a shadowy altar of Dithmenos.
  4683 | D:6      | Found Yqiug's Weapon Emporium.
  4928 | D:6      | Found a hazy altar of Hepliaklqana.
  4967 | D:6      | Reached skill level 5 in Fighting
  4967 | D:6      | Reached skill level 5 in Dodging
  4967 | D:6      | Reached skill level 5 in Shields
  5172 | D:6      | Found Xuub's Magic Scroll Shop.
  5180 | D:6      | Bought a scroll of identify for 28 gold pieces
  5516 | D:6      | Found Sivymufuj's Assorted Antiques.
  5519 | D:6      | Bought a scroll labeled SUSEEPI CAMUPS for 31 gold pieces
  5795 | D:7      | Reached XP level 9. HP: 46/61 MP: 9/9
  6071 | D:6      | Bought a scroll labeled ADDUCE SOESCH for 31 gold pieces
  6870 | D:7      | Reached skill level 1 in Stealth
  6870 | D:7      | Reached skill level 1 in Evocations
  8084 | D:8      | Found a sacrificial altar of Ru.
  8088 | D:8      | Noticed a two-headed ogre
  8101 | D:8      | Killed a two-headed ogre
  8101 | D:8      | Reached XP level 10. HP: 42/71 MP: 11/11
  8533 | D:8      | Found a bloodstained altar of Trog.
  8741 | D:8      | Found an iron altar of Okawaru.
  8745 | D:8      | Reached skill level 10 in Axes
  8761 | D:8      | Became a worshipper of Warmaster Okawaru
  9282 | D:9      | Reached skill level 1 in Invocations
  9501 | D:9      | Noticed Harold
  9605 | D:9      | Found a stormy altar of Qazlal.
  9658 | D:9      | Killed Harold
  9658 | D:9      | Reached * piety under Okawaru
  9981 | D:9      | Found Temun's Book Shoppe.
 10020 | D:9      | Reached XP level 11. HP: 58/80 MP: 14/14
 10028 | D:9      | Reached ** piety under Okawaru
 10028 | D:9      | Reached skill level 5 in Invocations
 10413 | D:10     | Entered Level 10 of the Dungeon
 10413 | D:10     | Noticed Snorg
 10612 | D:10     | Found a staircase to the Lair.
 10663 | D:10     | Got an ichor-stained hunting sling
 10664 | D:10     | Identified the +4 hunting sling "Hocureh" {freeze, rF+ rN+
                  | Dex+7} (You found it on level 10 of the Dungeon)
 10673 | D:10     | Got a faintly glowing great mace
 10679 | D:10     | Identified the +2 great mace "Meac" {antimagic, rC+ Str+3}
                  | (You found it on level 10 of the Dungeon)
 11405 | D:11     | Reached *** piety under Okawaru
 11474 | D:11     | Received a gift from Okawaru
 11896 | D:11     | Found a staircase to the Orcish Mines.
 11917 | D:11     | Reached **** piety under Okawaru
 12655 | D:12     | Noticed a two-headed ogre
 12666 | D:12     | Killed a two-headed ogre
 12666 | D:12     | Reached XP level 12. HP: 87/87 MP: 14/16
 12734 | D:12     | Paralysed by a hornet for 1 turns
 13115 | D:12     | Noticed a seven-headed hydra
 13122 | D:12     | Killed a seven-headed hydra
 13531 | D:12     | Received a gift from Okawaru
 13534 | D:12     | Reached skill level 10 in Fighting
 13973 | Lair:1   | Entered Level 1 of the Lair of Beasts
 14053 | Lair:1   | Noticed a five-headed hydra
 14064 | Lair:1   | Killed a five-headed hydra
 14064 | Lair:1   | Reached ***** piety under Okawaru
 14064 | Lair:1   | Received a gift from Okawaru
 14287 | Lair:1   | Noticed Gastronok
 14338 | Lair:1   | Noticed a six-headed hydra
 14354 | Lair:1   | Killed a six-headed hydra
 14935 | Lair:1   | Received a gift from Okawaru
 15878 | Lair:1   | Killed Gastronok
 15878 | Lair:1   | Reached XP level 13. HP: 48/94 MP: 12/19
 16879 | Lair:2   | Found a staircase to the Shoals.
 17527 | Lair:2   | Got a fine flail
 17528 | Lair:2   | Identified the +7 flail of Disintegration {freeze, rElec
                  | MR- Str+6} (You found it on level 2 of the Lair of Beasts)
 18016 | Lair:3   | Learned a level 1 spell: Magic Dart
 18227 | Lair:4   | Received a gift from Okawaru
 18533 | Lair:4   | Found a staircase to the Snake Pit.
 18543 | Lair:4   | Received a gift from Okawaru
 18923 | Lair:5   | Reached skill level 5 in Stealth
 18956 | Lair:6   | Entered Level 6 of the Lair of Beasts
 18956 | Lair:6   | Found a shadowy altar of Dithmenos.
 18991 | Lair:6   | Reached skill level 10 in Invocations
 19015 | Lair:6   | Reached XP level 14. HP: 57/102 MP: 13/21
 19045 | Lair:5   | Received a gift from Okawaru
 20130 | Lair:5   | Received a gift from Okawaru
 20362 | Lair:5   | Gained mutation: You are partially covered in yellow
                  | scales. (AC +2) [potion of mutation]
 20362 | Lair:5   | Gained mutation: You expend magic power (3 MP) to
                  | strengthen your wands. [potion of mutation]
 21386 | Lair:6   | Found a staircase to the Slime Pits.
 21753 | Lair:6   | Got a wavering brass amulet
 21778 | Lair:6   | Identified the amulet "Zydghy" {+Rage rC+ Str+4} (You found
                  | it on level 6 of the Lair of Beasts)
 21847 | Lair:6   | Identified Sophisticated Thaumaturgy
 21975 | Lair:6   | Learned a level 3 spell: Ignite Poison
 22369 | Orc:1    | Entered Level 1 of the Orcish Mines
 22375 | Orc:1    | Reached skill level 5 in Evocations
 22550 | Orc:2    | Entered Level 2 of the Orcish Mines
 22670 | Orc:1    | Noticed Nergalle
 22670 | Orc:1    | Noticed Josephine
 22670 | Orc:1    | Noticed a stone giant
 22674 | Orc:1    | Received a gift from Okawaru
 22683 | Orc:1    | Killed Josephine
 22687 | Orc:1    | Killed a stone giant
 22687 | Orc:1    | Reached XP level 15. HP: 109/109 MP: 16/23
 22690 | Orc:1    | Killed Nergalle
 22804 | Orc:1    | Noticed Fannar
 22817 | Orc:1    | Killed Fannar
 22817 | Orc:1    | Reached skill level 1 in Poison Magic
 23037 | Orc:2    | Found a staircase to the Elven Halls.
 23233 | Orc:2    | Found Ubem's Armour Shop.
 23233 | Orc:2    | Found Visiha's Antique Armour Emporium.
 23237 | Orc:2    | Received a gift from Okawaru
 23238 | Orc:2    | Found Amanil's Weapon Shoppe.
 23238 | Orc:2    | Found Duogik's General Store.
 23251 | Orc:2    | Paralysed by an ogre mage for 2 turns
 23263 | Orc:2    | Reached skill level 10 in Stealth
 23509 | Orc:2    | Bought 3 scrolls of identify for 60 gold pieces
 23509 | Orc:2    | Bought a scroll of teleportation for 30 gold pieces
 23797 | Elf:1    | Entered Level 1 of the Elven Halls
 23815 | Elf:1    | Received a gift from Okawaru
 23863 | Elf:1    | Reached skill level 1 in Transmutations
 23863 | Elf:1    | Reached skill level 1 in Fire Magic
 23926 | Elf:1    | Noticed a deep elf sorcerer
 24185 | Elf:1    | Killed a deep elf sorcerer
 24771 | D:13     | Reached XP level 16. HP: 113/116 MP: 25/25
 25195 | D:14     | Found Ewes's Antique Armour Emporium.
 25206 | D:14     | Found Ukurgh's Armour Emporium.
 25293 | D:14     | Noticed Agnes
 25314 | D:14     | Killed Agnes
 25314 | D:14     | Received a gift from Okawaru
 25605 | D:14     | Found an opulent altar of Gozag.
 25701 | D:14     | Found Wycseb's General Store.
 25704 | D:14     | Bought a scroll of teleportation for 48 gold pieces
 25704 | D:14     | Bought a book of Minor Magic for 320 gold pieces
 25707 | D:14     | Learned a level 2 spell: Blink
 25742 | D:14     | Noticed Rupert
 25823 | D:14     | Reached skill level 1 in Translocations
 25826 | D:14     | Found a gate to the Vaults.
 25828 | D:14     | Noticed Azrael
 25837 | D:14     | HP: 5/116 [burnt (5)]
 25838 | D:14     | HP: 1/116 [burnt (5)]
 25839 | D:14     | Incinerated by Azrael

Vault maps used:
D:1:      minmay_arrival_stair_chambers
D:2:      minmay_lizard_king
D:3:      minmay_wonky_spiral, first_ration, kennysheep_flooded_box,
          uniq_jessica
D:4:      gammafunk_ghost_split, minmay_crystal_water, uniq_crazy_yiuf_cottage
D:5:      nemelex_xobeh_ov_fountains_minmay, minmay_temple_entry_trees,
          trog_hazing_becter
D:6:      marbit_many_paths, basic_altar, serial_shops,
          nicolae_shop_behind_doors, shop,
          nicolae_shop_temple_entry_statues_fountains, nicolae_shop_stone, shop,
          kennysheep_generic_room_7
D:7:      cheibrodos_two_vegetables
D:8:      trog_ov_bears_minmay, okawaru_altar_gauntlet_db,
          overflow_temple_1_default, serial_aquarium, aquarium_bridge_square,
          aquarium_bridge_square, aquarium_window_fake, aquarium_window_corner,
          aquarium_window_corner, aquarium_window_fake, aquarium_view_2c,
          aquarium_view_2e, aquarium_balcony_3a
D:9:      grunt_qazlal_clouds, serial_shops, nicolae_shop_trees,
          grunt_livestock, minmay_misc_feat_nine_boxes, uniq_harold
D:10:     lair_entry_dummy, uniq_snorg
D:11:     kennysheep_orc_monster_closet_entryway
D:14:     erik_vaults_1, serial_shops, shop, nicolae_shop_trees, shop_statue,
          kennysheep_mini_moat, nicolae_shop_statue_plus,
          nicolae_gozag_cash_rules_everything_around_me, minivault_28,
          uniq_agnes, uniq_rupert, uniq_azrael
Temple:   regret_index_temple_sphere_string
Lair:1:   beast_lair_carwin_7, serial_bayou_shore_a, grunt_megastairs_4,
          uniq_gastronok
Lair:2:   shoals_dummy_entry, zaba_anthell, grunt_megastairs_5
Lair:4:   minmay_snake_entry_spellcaster
Lair:5:   minivault_25
Lair:6:   minmay_lair_end_frog_pond, nicolae_slime_entry_slimehenge, basic_altar
Orc:1:    uniq_nergalle, uniq_fannar, uniq_josephine
Orc:2:    st_orc_ogre_mass
Elf:1:    eino_elf_arrival_customs, serial_corexii_hall, corexii_hall_statues_i,
          corexii_hall_statues_deadend, corexii_hall_statues_deadend,
          serial_shops, shop, minmay_elf_annihilation, solitary_fountain,
          minmay_shoptagon, uniq_frances

Skill      XL: |  1  2  3  4  5  6  7  8  9 10 11 12 13 14 15 16 |
---------------+-------------------------------------------------+-----
Axes           | 3 4 5 6 8 9 10 11 12 13 | 13.9
Fighting       | 4 5 7 9 10 11 12 | 12.8
Dodging        | 4 5 7 8 |  8.6
Shields        | 4 5 9 |  9.4
Stealth        | 2 6 8 11 | 11.8
Evocations     | 2 5 8 |  8.7
Throwing       | 2 |  2.6
Invocations    | 4 6 8 10 11 12 13 | 13.1
Poison Magic   | 4 |  4.1
Transmutations | 3 4 |  4.3
Fire Magic     | 3 4 |  4.3
Translocations | 1 |  1.9

Action                   |  1- 3 |  4- 6 |  7- 9 | 10-12 | 13-15 | 16-18 || total
-------------------------+-------+-------+-------+-------+-------+-------++-------
Melee: War axe           |    54 |   122 |   233 |   489 |   743 |   111 ||  1752
       Constrict         |    20 |    25 |    51 |    71 |    97 |    11 ||   275
       Tentacles         |     7 |    17 |    47 |   115 |   177 |    38 ||   401
       Punch             |       |       |       |     4 |    20 |     6 ||    30
       Flail             |       |       |       |       |    31 |       ||    31
Throw: Throwing net      |       |       |     2 |     1 |       |       ||     3
       Tomahawk          |       |       |       |     2 |    10 |       ||    12
 Cast: Blink             |       |       |       |       |       |     1 ||     1
Invok: Heroism           |       |       |       |    17 |    19 |     3 ||    39
       Finesse           |       |       |       |     1 |    11 |     2 ||    14
Evoke: Wand              |       |       |    13 |    30 |     6 |       ||    49
       Box of beasts     |       |       |       |     1 |       |       ||     1
  Use: Scroll            |     8 |     4 |    11 |    13 |    10 |     4 ||    50
       Potion            |       |     5 |     4 |     2 |     3 |     1 ||    15
 Stab: Sleeping          |     5 |     8 |     9 |    14 |    23 |     5 ||    64
       Distracted        |       |       |     2 |     3 |     2 |       ||     7
       Held in net/web   |       |       |     3 |       |       |       ||     3
  Eat: Chunk             |       |     7 |     9 |    10 |    14 |       ||    40
       Ration            |       |       |     2 |     5 |     4 |     1 ||    12
Armor: Skin              |     1 |    23 |    14 |    30 |    29 |     3 ||   100
Dodge: Dodged            |    11 |    41 |    70 |   186 |   249 |    33 ||   590
Block: Shield            |    18 |    72 |   144 |   343 |   439 |    53 ||  1069

Table legend:
 A = Non-vault XP
 B = Vault XP
 C = Vault XP percentage of total XP
 D = Non-vault monster count
 E = Vault monster count
 F = Vault count percentage of total count
                 A         B        C        D         E       F
            +---------+---------+-------+---------+---------+-------
      Total |   84217 |   61067 |  42.0 |     508 |     240 |  32.1
            +---------+---------+-------+---------+---------+-------
        D:1 |      19 |       0 |   0.0 |      13 |       0 |   0.0
        D:2 |     123 |      11 |   8.2 |      31 |       9 |  22.5
        D:3 |      51 |      39 |  43.3 |      28 |       2 |   6.7
        D:4 |     390 |      41 |   9.5 |      19 |       1 |   5.0
        D:5 |     455 |      10 |   2.2 |      15 |       6 |  28.6
        D:6 |     802 |     170 |  17.5 |      16 |       2 |  11.1
        D:7 |     930 |     785 |  45.8 |      32 |       9 |  22.0
        D:8 |    1893 |     280 |  12.9 |      16 |       8 |  33.3
        D:9 |    2067 |    2040 |  49.7 |      33 |       6 |  15.4
       D:10 |    1456 |       0 |   0.0 |      15 |       0 |   0.0
       D:11 |    4686 |    1249 |  21.0 |      34 |      19 |  35.8
       D:12 |    4796 |       0 |   0.0 |      29 |       0 |   0.0
       D:13 |    8462 |     803 |   8.7 |      30 |       1 |   3.2
       D:14 |    3047 |    9665 |  76.0 |      11 |      15 |  57.7
     Lair:1 |    8255 |    2821 |  25.5 |      28 |       6 |  17.6
     Lair:2 |    4333 |    4735 |  52.2 |      21 |      45 |  68.2
     Lair:3 |    1085 |       0 |   0.0 |       2 |       0 |   0.0
     Lair:4 |    3988 |     457 |  10.3 |      11 |       1 |   8.3
     Lair:5 |   11312 |     441 |   3.8 |      29 |       2 |   6.5
     Lair:6 |   10370 |   13266 |  56.1 |      35 |      57 |  62.0
      Orc:1 |    3270 |    3641 |  52.7 |      30 |       7 |  18.9
      Orc:2 |    1665 |   14293 |  89.6 |      14 |      33 |  70.2
      Elf:1 |   10762 |    6320 |  37.0 |      16 |      11 |  40.7
            +---------+---------+-------+---------+---------+-------
